 Dungeon Crawl Stone Soup version 0.30.1-9-gdf580d7c3d (webtiles) character file.

Game seed: 396100798235991215

8 Ancymon the Insei (level 2, 16/21 HPs)
             Began as a Human Transmuter on Oct 5, 2023.
             Quit the game on level 1 of the Dungeon.
             The game lasted 00:02:28 (164 turns).

Ancymon the Insei (Human Transmuter)                 Turns: 164, Time: 00:02:28

Health: 16/21      AC:  2    Str: 10    XL:     2   Next: 15%
Magic:  5/5        EV: 12    Int: 13    God:
Gold:   8          SH:  0    Dex: 13    Spells: 4/5 levels left

rFire   . .          .
                       - Unarmed
rCold   . . .        (no shield)
rNeg    . . .        a - +0 robe
rPois   .            (no helmet)
rElec   .            (no cloak)
rCorr   .            (no gloves)
SInv    .            (no boots)
Will    .....        (no amulet)
Stlth   +            (no ring)
HPRegen 0.23/turn    (no ring)
MPRegen 0.09/turn

%: no passive effects
@: no status effects
A: no striking features
a: no special abilities


You were on level 1 of the Dungeon.
You visited 1 branch of the dungeon, and saw 1 of its levels.

You collected 8 gold pieces.

Inventory:

Armour
 a - a +0 robe (worn)
Scrolls
 c - a scroll of fog {unknown}
Potions
 b - a potion of lignification
 d - a potion of flight {unknown}


   Skills:
 + Level 1.0 Fighting
 + Level 2.0 Dodging
 + Level 3.1 Unarmed Combat
 + Level 2.4 Spellcasting
 + Level 2.0 Transmutations


You had 4 spell levels left.
You knew the following spells:

 Your Spells              Type           Power      Damage    Failure   Level
a - Beastly Appendage     Tmut           12%        N/A       11%         1

Your spell library contained the following spells:

 Spells                   Type           Power      Damage    Failure   Level
 Wereblood                Tmut           6%         N/A       16%         2
 Spider Form              Tmut/Pois      4%         N/A       43%         3
 Ice Form                 Ice/Tmut       4%         N/A       85%         4


Dungeon Overview and Level Annotations

Branches:
Dungeon (1/15)

Altars:


Message History

The rat bites you. x2
You hit the giant cockroach.
The giant cockroach is almost dead.
The giant cockroach barely misses you.
The rat bites you but does no damage. x2
You closely miss the giant cockroach. You claw the giant cockroach.
You kill the giant cockroach!
The rat bites you but does no damage. The rat closely misses you.
The rat bites you but does no damage. The rat closely misses you.
You see here a giant cockroach corpse.
You hit the rat.
You kill the rat!
The rat misses you.
You have reached level 2!
You hit the rat.
You kill the rat!
Your horns disappear.
Your talons disappear.
You see here a rat corpse.
You see here a giant cockroach corpse.
Magic restored.
There is a staircase leading out of the dungeon here.
A hobgoblin comes into view.
The hobgoblin shouts!
The hobgoblin hits you but does no damage.
You closely miss the hobgoblin. The hobgoblin hits you.
You closely miss the hobgoblin. You hit the hobgoblin.
The hobgoblin is heavily wounded.
The hobgoblin hits you but does no damage.
You hit the hobgoblin but do no damage.
The hobgoblin is heavily wounded.
The hobgoblin hits you.
You barely miss the hobgoblin.
The hobgoblin is heavily wounded.
The hobgoblin hits you.
You hit the hobgoblin.
You kill the hobgoblin!
Found 8 gold pieces.
Found a stone staircase leading down.
You now have 8 gold pieces.
Are you sure you want to abandon this character and quit the game? (Confirm with "yes".)

.................>...
###.#......#..#..##.#
....#.........#..##.#
#.#.###..#.#........#
......#..#....#..##.#
#.#.#.######..#..##.#
#.#......# #........#
#.###.#.#.....#...#.#
.<......#.....#.@...#
#.###.#.#.###........#
#.#.......###.#...#.##
#.#)#.###...........#
......#..###........#
#.#.###..#........###
....# #..#.#...#.##
###.###..........###
#................#


There were no monsters in sight!

Vanquished Creatures
  An endoplasm (D:1)
  A giant cockroach (D:1)
  A goblin (D:1)
  2 hobgoblins (D:1)
  2 rats (D:1)
7 creatures vanquished.

Notes
Turn   | Place    | Note
-------+----------+-------------------------------------------
     0 | D:1      | Ancymon the Human Transmuter began the quest for the Orb.
     0 | D:1      | Reached XP level 1. HP: 15/15 MP: 3/3
   109 | D:1      | Reached XP level 2. HP: 13/21 MP: 3/5
   164 | D:1      | Quit the game

Illustrated notes

Levels and vault maps discovered:
D:1:      roderic_chinese_lattice_arrival, layout_basic,
          shapermc_ecumenical_altar_acropolis, minmay_misc_feat_square,
          minmay_ruptured

Action                     || total
---------------------------++-------
  Melee: Unarmed           ||    26
         Kick              ||     4
         Punch             ||     1
   Cast: Beastly Appendage ||     2
 Armour: Robe              ||     9
  Dodge: Dodged            ||    18
